 Dungeon Crawl Stone Soup version 0.31-a0-1616-gbeaec30b81 (webtiles) character file.

Game seed: 200704174416291366

393835 Laraso the Phalangite (level 22, -3/292 HPs)
             Began as a Green Draconian Berserker on Jan 10, 2024.
             Was the Champion of Trog.
             Killed from afar by Vv (22 damage)
             ... by creeping frost
             ... on level 2 of the Depths.
             The game lasted 01:26:21 (50017 turns).

Laraso the Phalangite (Green Draconian Berserker)  Turns: 50017, Time: 01:26:22

Health: -3/292     AC: 23    Str: 23    XL:     22   Next: 14%
Magic:  24/24      EV: 33    Int:  4    God:    Trog [******]
Gold:   2216       SH:  0    Dex: 22    Spells: 21/21 levels left

rFire   + . .        a - +10 bardiche of Elitism {flame, Will+}
rCold   + . .        (shield currently unavailable)
rNeg    . . .        (body armour unavailable)
rPois   +            K - +2 hat
rElec   +            G - +3 cloak of Ignis, Rescuing {SInv}
rCorr   +            P - +2 pair of gloves {Stlth+}
SInv    +            k - +2 pair of boots {Stlth+}
Will    ++++.        Y - amulet of Nemousm {Acrobat rElec rC+ Str+3 Int-2} Stlth
                     c - +4 ring of slaying
HPRegen 1.68/turn    O - ring of Liotz {Fly rCorr EV+5 Int-3}
MPRegen 0.19/turn

%: acrobat
@: berserking, maw-form, strong-willed, frozen, flying, regenerating, studying 4
skills, quick
A: devouring maw, breathe noxious fumes, AC +11, unfitting armour, stinger 1,
poison resistance, cold-blooded, thin skeletal structure 1, fire resistance 1,
high MP 1
}: 2/15 runes: decaying, serpentine
a: Breathe Noxious Fumes, Begin Untransformation, Renounce Religion, Berserk,
Trog's Hand, Brothers in Arms


You were on level 2 of the Depths.
You worshipped Trog.
Trog was exalted by your worship.
You were a creature with a mouth for a stomach.
You visited 8 branches of the dungeon, and saw 39 of its levels.
You visited 1 bazaar.
You also visited: Trove, Bailey and Gauntlet.

You collected 6130 gold pieces.
You spent 3914 gold pieces at shops.

Inventory:

Hand Weapons
 a - the +10 bardiche of Elitism (weapon) {flame, Will+}
   (Trog gifted it to you on level 1 of the Elven Halls)

   Will+:     It increases your willpower.
 b - a +5 antimagic bardiche
 g - the +8 trishula "Condemnation" {holy, anguish, *Noise Fly rN+}
   (Trog gifted it to you on level 3 of the Vaults)

   rN+:       It protects you from negative energy.
   Fly:       It grants you flight.
   *Noise:    It may make a loud noise when swung.
 z - a +9 heavy bardiche
Armour
 k - a +2 pair of boots of stealth (worn)
 G - the +3 cloak of Ignis, Rescuing (worn) {SInv}
   (You found it in a bailey)

   SInv:      It lets you see invisible.
 K - a +2 hat (worn)
 P - a +2 pair of gloves of stealth (worn)
Jewellery
 c - a +4 ring of slaying (left hand)
 r - the amulet of Azxeunor {Acrobat rF++}
   (You found it in a treasure trove)

   [amulet of the acrobat]

   Acrobat:   It increases your evasion while moving and waiting.
   rF++:      It greatly protects you from fire.
 y - the dreamshard necklace {Acrobat *Dream}
   (You found it in a treasure trove)

   [amulet of the acrobat]

   *Dream:    It absorbs a single lethal wound into itself, holding its wearer
   just short of death and releasing dream-creatures to guard them.
   Acrobat:   It increases your evasion while moving and waiting.
 L - a ring of protection from fire
 O - the ring of Liotz (right hand) {Fly rCorr EV+5 Int-3}
   (You found it in a Gauntlet)

   [ring of evasion]

   EV+5:      It affects your evasion (+5).
   Int-3:     It affects your intelligence (-3).
   Fly:       It grants you flight.
   rCorr:     It protects you from acid and corrosion.
 S - an amulet of regeneration
 Y - the amulet of Nemousm (around neck) {Acrobat rElec rC+ Str+3 Int-2}
   (You took it off a deep elf demonologist on level 3 of the Elven Halls)

   [amulet of the acrobat]

   Acrobat:   It increases your evasion while moving and waiting.
   Str+3:     It affects your strength (+3).
   Int-2:     It affects your intelligence (-2).
   rC+:       It protects you from cold.
   rElec:     It insulates you from electricity.
Talismans
 T - a granite talisman
 U - a maw talisman (active)
Wands
 h - a wand of digging (28)
 j - a wand of mindburst (39)
 o - a wand of acid (42)
 D - a wand of charming (49)
 H - a wand of flame (75)
 I - a wand of polymorph (19)
 M - a wand of roots (49)
Scrolls
 d - a scroll of revelation
 e - 3 scrolls of silence
 p - 6 scrolls of poison
 s - 3 scrolls of fear
 v - 8 scrolls of fog
 B - a scroll of butterflies
 C - 5 scrolls of immolation
 E - 2 scrolls of blinking
 F - 11 scrolls of teleportation
 N - 9 scrolls of vulnerability
 V - 2 scrolls of torment
Potions
 f - 12 potions of heal wounds
 i - 11 potions of enlightenment
 l - 3 potions of ambrosia
 m - 2 potions of invisibility
 n - 4 potions of haste
 q - 3 potions of resistance
 x - 13 potions of curing
 A - 5 potions of cancellation
 J - 5 potions of attraction
 Q - 3 potions of berserk rage
 W - 6 potions of might
Miscellaneous
 u - a lightning rod (4/4)
 w - a phial of floods
 R - a condenser vane
 X - a phantom mirror
 Z - a sack of spiders


   Skills:
 - Level 16.0 Fighting
 - Level 24.0 Polearms
 * Level 19.4 Dodging
 - Level 8.0 Stealth
 - Level 7.0 Evocations
 + Level 20.7 Shapeshifting


You had 21 spell levels left.
You didn't know any spells.
Your spell library contained the following spells:

 Spells                   Type           Power      Damage    Failure   Level
 Apportation              Tloc           0%         N/A       50%         1
 Foxfire                  Conj/Fire      0%         2x1d4     50%         1
 Necrotise                Necr           0%         1d4       50%         1
 Slow                     Hex            0%         N/A       50%         1
 Sting                    Conj/Alch      0%         1d3       50%         1
 Summon Small Mammal      Summ           0%         N/A       50%         1
 Ensorcelled Hibernation  Hex/Ice        0%         N/A       65%         2
 Momentum Strike          Conj/Tloc      0%         3d8       65%         2
 Call Canine Familiar     Summ           0%         N/A       86%         3
 Confusing Touch          Hex            0%         N/A       86%         3
 Inner Flame              Hex/Fire       0%         N/A       86%         3
 Mephitic Cloud           Conj/Alch/Air  0%         N/A       86%         3
 Passwall                 Erth           0%         N/A       86%         3
 Sigil of Binding         Hex            0%         N/A       86%         3
 Stone Arrow              Conj/Erth      0%         3d7       86%         3
 Summon Ice Beast         Ice/Summ       0%         N/A       86%         3
 Swiftness                Air            0%         N/A       86%         3
 Vampiric Draining        Necr           0%         2d6       86%         3
 Leda's Liquefaction      Alch/Erth      0%         N/A       99%         4
 Martyr's Knell           Necr/Summ      0%         N/A       99%         4
 Sticky Flame             Fire/Alch      0%         2d4       99%         4
 Summon Blazeheart Golem  Fire/Summ      0%         N/A       99%         4
 Borgnjor's Vile Clutch   Necr/Erth      0%         N/A       100%        5
 Curse of Agony           Necr           0%         N/A       100%        5
 Irradiate                Conj/Alch      0%         3d11      100%        5
 Iskenderun's Battlesphe  Conj           0%         2d6       100%        5
 Lee's Rapid Deconstruct  Erth           0%         3d4*      100%        5
 Summon Mana Viper        Hex/Summ       0%         N/A       100%        5
 Bombard                  Conj/Erth      0%         9d1       100%        6
 Plasma Beam              Fire/Air       0%         2x1d10    100%        6
 Starburst                Conj/Fire      0%         6d3       100%        6
 Monstrous Menagerie      Summ           0%         N/A       100%        7
 Spellforged Servitor     Conj/Summ      0%         N/A       100%        7
 Ignition                 Fire           0%         3d3       100%        8
 Infestation              Necr           0%         N/A       100%        8


Dungeon Overview and Level Annotations

Branches:
Dungeon (15/15)            Temple (0/1) D:5            Lair (5/5) D:10
  Swamp (4/4) Lair:2        Snake (4/4) Lair:2        Slime (0/5) Lair:5
    Orc (2/2) D:11            Elf (3/3) Orc:2        Vaults (4/5) D:13
  Crypt (0/3) Vaults:2     Depths (2/4) D:15         Bailey (visited)
Gauntlet (visited)

Altars:
Cheibriados
Elyvilon
Gozag
Makhleb
Sif Muna
Uskayaw
Wu Jian
Zin
The Shining One
Jiyva

Shops:
Orc:1 (   Orc:2 (?(=(   Elf:1 *([[   Elf:2 :   Snake:2 *   Vaults:1 [
Depths:2 :

Portals:
Hell: Depths:1
Pandemonium: Depths:2
Ziggurat: Depths:1

Annotations:
Elf:2 5 runed translucent doors
Depths:2 Vv


Innate Abilities, Weirdness & Mutations

You are a creature with a mouth for a stomach.
Your midsection houses a second, enormous mouth.
You can breathe blasts of noxious fumes.
Your lurid green scales are hard. (AC +11)
You cannot fit into any form of body armour.
Your tail ends in a venomous barb.
Your system is resistant to poisons. (rPois)
You are cold-blooded and may be slowed by cold attacks.
You have a somewhat thin skeletal structure. (Dex +2, Stealth+)
Your flesh is heat resistant. (rF+)
You have an increased reservoir of magic. (+10% MP)


Message History

Vv is moderately damaged.
Vv hits you! Vv freezes you! You resist. Vv hits you.
You are engulfed in flames!
You resist.
You open Vv like a pillowcase!!! You burn Vv.
Your tail-slap misses Vv.
You bite Vv, but do no damage.
Vv is moderately damaged.
You hit Vv but do no damage.
Vv is moderately damaged.
The ice encasing you melts away.
You closely miss Vv.
Vv is moderately damaged.
Vv calls freezing cold from the walls.
The frost grips you!! You resist.
You are encased in ice.
You cut Vv into ribbons!!! You burn Vv. You bite Vv!
Vv is heavily damaged.
You slash Vv! You bite Vv, but do no damage.
Vv is heavily damaged.
Vv hits you!!
* * * LOW HITPOINT WARNING * * *
Vv freezes you!! You resist.
* * * LOW HITPOINT WARNING * * *
Vv misses you.
You closely miss Vv. Your bite misses Vv.
Vv is heavily damaged.
Unknown command.
You slice Vv!! You burn Vv.
Vv is severely damaged.
Vv calls freezing cold from the walls.
The frost grips you!! You resist.
* * * LOW HITPOINT WARNING * * *
Unknown command.
You slice Vv!! You burn Vv.
Your tail-slap misses Vv.
Your bite misses Vv.
Vv is severely damaged.
Unknown command.
You barely miss Vv. You bite Vv, but do no damage.
Vv is severely damaged.
Vv calls freezing cold from the walls.
The frost grips you!! You resist.
You die...

....... .....#
........###.## ....##
.............## .....##
...........~....
......#.#?.....~~...~~~..#
..†............~~....~≈~..
..###..........~~....~~~.
..###...≈≈....~V9#.......
....#..~≈~~.~..~W)....#
.......≈≈≈~.~~........#
.....~~≈≈≈..≈≈.......##
##...~≈≈≈~.~~~......## ###
###..~~~~~.~~........# #.#
.....~~..........[...###.##
~~≈~....~~...^............#
~~~~.~.~~~................#
.....~..~~~...............#


You could see Vv and a vampire knight.

Vanquished Creatures
  Frederick (Vaults:3)
  Boris (Vaults:2)
  Bai Suzhen (Vaults:2)
  Margery (Vaults:2)
  A caustic shrike (Depths:1)
  A golden dragon (Depths:2)
  Nikola (Swamp:2)
  Norris (Vaults:2)
  A hellephant (Vaults:2)
  2 liches (Depths:2)
  A quicksilver dragon (Snake:4)
  A walking divine tome (Depths:2)
  A deep elf blademaster (Elf:3)
  2 deep elf master archers
  2 ancient champions (Vaults:2)
  4 sphinxes
  Kirke (Lair:4)
  Aizul (Snake:1)
  A tengu reaver (Depths:2)
  Agnes (Snake:1)
  The ghost of Tang the Eclecticist, an adept DjAl of Makhleb (Swamp:1)
  An azure jelly (Swamp:4)
  2 fenstrider witches
  Roxanne (Swamp:2)
  3 fire giants
  Louise (Swamp:2)
  2 nagarajas (Snake:4)
  The ghost of Livid the Eclecticist, an adept DjIE of Hepliaklqana (Swamp:1)
  4 frost giants
  13 vault wardens
  A juggernaut zombie (Depths:2)
  A caustic shrike zombie (Depths:2)
  3 deep elf sorcerers
  2 orc warlords
  16 ironbound preservers
  2 deep elf elementalists (Elf:3)
  2 very ugly things
  3 formless jellyfish (Vaults:4)
  8 stone giants
  9 eleionomae
  4 deep elf death magi
  12 ironbound thunderhulks
  11 deep elf demonologists
  8 deep elf annihilators
  A minotaur (Gauntlet)
  5 bunyips
  A vampire knight (Depths:2)
  16 dire elephants
  A spark wasp (Depths:2)
  3 jiangshi
  A crystal guardian (Vaults:4)
  10 yaktaur captains
  4 fire dragons
  A merfolk javelineer (Depths:2)
  5 ettins
  2 entropy weavers
  5 deep elf high priests
  2 shambling mangroves
  6 great orbs of eyes
  A peacekeeper (Vaults:4)
  3 rakshasas
  7 vault guards
  5 catoblepae
  6 ice dragons
  3 salamander tyrants (Snake:4)
  6 hydras
  10 alligators
  2 ogre magi
  11 ironbound frosthearts
  Erica (D:8)
  15 anacondas
  15 centaur warriors
  2 ghost crabs
  6 deep troll shamans
  A death knight (D:14)
  5 boulder beetles
  4 death yaks
  6 tengu warriors
  2 vampire magi (Depths:1)
  7 two-headed ogres
  11 dancing weapons
  17 shock serpents
  3 deep troll earth magi
  2 hell knights (Vaults:2)
  Urug (D:12)
  6 orc high priests
  16 naga warriors
  6 naga sharpshooters
  10 deep elf knights
  A salamander mystic (Snake:1)
  2 soul eaters (Vaults:2)
  7 skysharks
  3 iron trolls (Depths:2)
  2 goliath frogs
  Amaemon (Lair:3)
  41 deep trolls
  4 spriggan druids
  7 swamp dragons
  5 naga ritualists
  A spark wasp zombie (Depths:2)
  2 glowing orange brains
  4 harpies (Vaults:3)
  An orb spider (shapeshifter) (Depths:2)
  8 arcanists
  A shadow dragon zombie (Depths:2)
  5 bog bodies
  18 deep elf archers
  11 mana vipers
  A phantasmal warrior (D:14)
  A tengu zombie (Depths:2)
  9 orc knights
  6 necromancers
  23 deep elf zephyrmancers
  26 deep elf pyromancers
  11 ironbound convokers
  3 lindwurms (Vaults:2)
  A frost giant zombie (Depths:2)
  6 orc sorcerers
  4 will-o-the-wisps
  22 ugly things
  8 cyclopes
  2 manticores
  14 salamanders
  3 meliai (D:13)
  13 guardian serpents
  42 black mambas
  A salamander (shapeshifter) (Elf:1)
  3 centaur zombies (D:15)
  11 elephants
  11 vault sentinels
  An ice statue (Gauntlet)
  A centaur skeleton (D:15)
  An orange demon (Lair:3)
  16 naga magi
  2 gargoyles
  9 cane toads
  A torpor snail (Lair:4)
  An unseen horror (D:12)
  3 kobold demonologists
  2 unseen horrors (shapeshifter)
  5 freezing wraiths
  12 komodo dragons
  5 rime drakes
  An efreet (D:14)
  32 yaktaurs
  3 tengu conjurers
  6 trolls
  A troll (shapeshifter) (Elf:1)
  A merfolk (D:10)
  A bloated husk (Swamp:4)
  A shadow dragon simulacrum (Depths:2)
  15 hornets
  Prince Ribbit (Lair:2)
  12 tyrant leeches
  7 polar bears
  11 dream sheep
  18 blink frogs
  A stone giant simulacrum (Depths:2)
  A glass eye (Depths:1)
  A spriggan zombie (Depths:2)
  A shadow (D:9)
  28 slime creatures
  22 water elementals
  22 spriggans
  Sigmund (D:4)
  4 air elementals
  A culicivora (Vaults:4)
  8 wyverns
  8 fire elementals
  3 hogs (Lair:4)
  4 wraiths
  A fire bat (shapeshifter) (Elf:1)
  45 yaks
  6 basilisks
  13 vampire mosquitoes
  A redback (Vaults:4)
  A redback (shapeshifter) (Elf:1)
  4 swamp worm simulacra (Swamp:4)
  16 swamp worms
  37 nagas
  13 water moccasins
  14 hydra simulacra (Swamp:4)
  4 ice beasts
  31 orc warriors
  2 laughing skulls (D:14)
  2 black bears
  6 ogres
  A boggart (shapeshifter) (D:13)
  2 boggarts (Lair:5)
  36 wolves
  6 centaurs
  A phantom (D:5)
  6 kobold brigands
  2 gnoll sergeants (D:10)
  10 bullfrogs
  9 earth elementals
  5 scorpions
  5 wights (D:9)
  A hornet simulacrum (D:15)
  5 electric eels
  2 howler monkeys
  3 jellies
  6 hounds
  2 gnoll boudas
  36 orc priests
  4 sleepcaps
  5 iguanas
  32 orc wizards
  Robin (D:4)
  39 gnolls
  11 adders
  A white imp (D:5)
  4 swamp drake simulacra (Swamp:4)
  A dart slug (D:1)
  84 orcs
  6 endoplasms
  A giant cockroach (D:2)
  19 goblins
  11 hobgoblins
  20 jackals
  28 kobolds
  4 quokkas
  2 training dummies (Elf:1)
  11 ball pythons
  5 bats
  4 frilled lizards
  4 rats
1640 creatures vanquished.

Vanquished Creatures (collateral kills)
  A deep elf blademaster (Elf:3)
  Gastronok (D:10)
2 creatures vanquished.

Vanquished Creatures (others)
  A deep elf knight (Elf:2)
  A water elemental (Elf:1)
  A human (Lair:4)
  A water moccasin (Lair:4)
  An electric eel (Elf:3)
  An adder (Lair:4)
  16 foxfires
22 creatures vanquished.

Grand Total: 1664 creatures vanquished

Notes
Turn   | Place    | Note
-------+----------+-------------------------------------------
     0 | D:1      | Laraso the Draconian Berserker began the quest for the Orb.
     0 | D:1      | Reached XP level 1. HP: 19/19 MP: 1/1
   121 | D:1      | Reached XP level 2. HP: 26/26 MP: 2/2
   289 | D:1      | Reached skill level 4 in Polearms
   344 | D:1      | Reached ** piety under Trog
   385 | D:1      | Reached XP level 3. HP: 25/31 MP: 3/3
   973 | D:2      | Reached XP level 4. HP: 32/38 MP: 4/4
   983 | D:2      | Reached skill level 5 in Polearms
  1636 | D:3      | Reached *** piety under Trog
  1646 | D:3      | Reached skill level 6 in Polearms
  1646 | D:3      | Reached XP level 5. HP: 41/45 MP: 5/5
  2002 | D:3      | Found a faded altar of an unknown god.
  2199 | D:3      | Noticed an ogre
  2404 | D:3      | Killed an ogre
  2405 | D:3      | Reached skill level 7 in Polearms
  2405 | D:3      | Reached XP level 6. HP: 51/51 MP: 6/6
  2864 | D:2      | Reached skill level 8 in Polearms
  2864 | D:2      | Your scales start taking on a lurid green colour.
  2864 | D:2      | Reached XP level 7. HP: 57/57 MP: 7/7
  2864 | D:2      | Gained mutation: Your system is resistant to poisons.
                  | (rPois) [Green Draconian growth]
  2867 | D:3      | Reached **** piety under Trog
  3382 | D:4      | Reached skill level 9 in Polearms
  3461 | D:4      | Noticed Sigmund
  3467 | D:4      | Killed Sigmund
  3667 | D:4      | Noticed Robin
  3691 | D:4      | Killed Robin
  4108 | D:5      | Entered Level 5 of the Dungeon
  4133 | D:5      | Reached ***** piety under Trog
  4134 | D:5      | Reached XP level 8. HP: 58/63 MP: 8/8
  4280 | D:5      | Reached skill level 10 in Polearms
  4514 | D:5      | Identified the ring "Sovuinn" {Ice rPois Int+6 Stlth+}
  4704 | D:5      | Found a staircase to the Ecumenical Temple.
  4725 | D:5      | Reached skill level 11 in Polearms
  5149 | D:6      | Reached skill level 12 in Polearms
  5149 | D:6      | Reached XP level 9. HP: 66/70 MP: 9/9
  5172 | D:6      | Reached skill level 13 in Polearms
  5372 | D:6      | Identified the ring of Qaorr {Wiz Int+2}
  6185 | D:7      | Reached skill level 14 in Polearms
  6254 | D:7      | Found a shimmering blue altar of Sif Muna.
  6254 | D:7      | Found a burning altar of Makhleb.
  6302 | D:7      | Reached XP level 10. HP: 77/77 MP: 10/10
  6630 | D:8      | Noticed Erica
  6658 | D:8      | Killed Erica
  6659 | D:8      | Reached skill level 15 in Polearms
  7550 | D:9      | Received a gift from Trog
  7579 | D:9      | Found a flagged portal.
  7608 | Bailey   | Entered a bailey
  7621 | Bailey   | Noticed an orc knight
  7730 | Bailey   | Reached skill level 16 in Polearms
  7782 | Bailey   | Killed an orc knight
  7952 | Bailey   | Identified the +3 cloak of Ignis, Rescuing {SInv}
  8193 | D:9      | Noticed a two-headed ogre
  8199 | D:9      | Killed a two-headed ogre
  8358 | D:9      | Reached XP level 11. HP: 82/82 MP: 11/11
  8780 | D:10     | Entered Level 10 of the Dungeon
  8847 | D:10     | Reached skill level 17 in Polearms
  8918 | D:10     | Found a staircase to the Lair.
  9010 | D:10     | Noticed a two-headed ogre
  9018 | D:10     | Killed a two-headed ogre
  9189 | D:10     | Noticed Gastronok
  9202 | D:10     | Killed Gastronok
  9756 | D:10     | Reached skill level 18 in Polearms
 10284 | D:10     | Found a snail-covered altar of Cheibriados.
 10508 | D:10     | Gained mutation: Your body sometimes deteriorates upon
                  | taking damage. [potion of mutation]
 10508 | D:10     | Gained mutation: Your spells are a little easier to cast,
                  | but a little less powerful. [potion of mutation]
 10509 | D:10     | Lost mutation: Your body sometimes deteriorates upon taking
                  | damage. [potion of mutation]
 10509 | D:10     | Lost mutation: Your spells are a little easier to cast, but
                  | a little less powerful. [potion of mutation]
 10509 | D:10     | Gained mutation: Your tail ends in a venomous barb. [potion
                  | of mutation]
 10547 | Lair:1   | Entered Level 1 of the Lair of Beasts
 10673 | Lair:1   | Noticed a catoblepas
 10687 | Lair:1   | Killed a catoblepas
 10824 | Lair:1   | Identified the +3 triple sword "Aphenim" {heavy, rF+ rN++
                  | SInv} (Trog gifted it to you on level 1 of the Lair of
                  | Beasts)
 10824 | Lair:1   | Received a gift from Trog
 10848 | Lair:1   | Reached skill level 19 in Polearms
 11140 | Lair:1   | Reached XP level 12. HP: 71/89 MP: 12/12
 11501 | Lair:2   | Found a staircase to the Swamp.
 12110 | Lair:1   | Reached skill level 20 in Polearms
 12290 | Lair:2   | Reached skill level 5 in Fighting
 12425 | Lair:2   | Noticed Prince Ribbit
 12587 | Lair:2   | Killed Prince Ribbit
 12841 | Lair:2   | Found a staircase to the Snake Pit.
 13411 | Lair:3   | Noticed a boulder beetle
 13423 | Lair:3   | Killed a boulder beetle
 13451 | Lair:3   | Noticed a catoblepas
 13461 | Lair:3   | Killed a catoblepas
 13489 | Lair:3   | Reached skill level 10 in Fighting
 13583 | Lair:3   | Noticed Amaemon
 13608 | Lair:3   | Killed Amaemon
 13609 | Lair:3   | Reached XP level 13. HP: 98/114 MP: 13/13
 13843 | Lair:3   | Found a hide-covered altar of Uskayaw.
 13845 | Lair:3   | Found an ornate altar of the Wu Jian Council.
 13894 | Lair:3   | Received a gift from Trog
 14352 | Lair:4   | Noticed Kirke
 14374 | Lair:4   | Reached skill level 1 in Evocations
 14381 | Lair:4   | Killed Kirke
 15242 | Lair:5   | Entered Level 5 of the Lair of Beasts
 15453 | Lair:4   | Reached skill level 5 in Dodging
 15925 | Lair:5   | Reached skill level 5 in Evocations
 16526 | Lair:5   | Found a viscous altar of Jiyva.
 16526 | Lair:5   | Found a staircase to the Slime Pits.
 16623 | Lair:5   | Mutation became permanent: Your tail ends in a venomous
                  | barb. [Green Draconian growth]
 16623 | Lair:5   | Gained mutation: Your tail ends in a venomous barb. [Green
                  | Draconian growth]
 16623 | Lair:5   | Reached XP level 14. HP: 126/126 MP: 14/14
 16630 | Lair:5   | Gained mutation: You have hidden genetic potential. [potion
                  | of mutation]
 16630 | Lair:5   | Gained mutation: Your tail ends in a sharp venomous barb.
                  | [potion of mutation]
 16630 | Lair:5   | Gained mutation: You occasionally shout uncontrollably at
                  | your foes. [potion of mutation]
 16630 | Lair:5   | Gained mutation: You expend magic power (3 MP) to
                  | strengthen your wands. [potion of mutation]
 17183 | Lair:5   | Reached ****** piety under Trog
 18048 | D:11     | Found a gate leading to a gauntlet.
 18080 | Gauntlet | Entered a Gauntlet
 18080 | Gauntlet | Found a transporter.
 18092 | Gauntlet | Found a transporter.
 18093 | Gauntlet | Found a transporter.
 18104 | Gauntlet | Found a transporter.
 18104 | Gauntlet | Found a transporter.
 18105 | Gauntlet | Found a transporter.
 18114 | Gauntlet | Found a transporter.
 18117 | Gauntlet | Found a transporter.
 18118 | Gauntlet | Found a transporter.
 18126 | Gauntlet | Found a transporter.
 18129 | Gauntlet | Found a transporter.
 18130 | Gauntlet | Found a transporter.
 18138 | Gauntlet | Found a transporter.
 18198 | Gauntlet | Found a transporter.
 18368 | Gauntlet | Identified the +0 arbalest "Veclyran" {heavy, MP+9 Str+4}
 18379 | Gauntlet | Received a gift from Trog
 18409 | Gauntlet | Identified the ring of Liotz {Fly rCorr EV+5 Int-3}
 18528 | D:11     | Reached skill level 10 in Dodging
 18879 | D:11     | Identified the ring "Fapn" {rElec rF+ Int+3}
 19024 | D:11     | Found a staircase to the Orcish Mines.
 19495 | Orc:1    | Entered Level 1 of the Orcish Mines
 20242 | Orc:1    | Found Sorirph's Firing Range.
 20353 | Orc:2    | Entered Level 2 of the Orcish Mines
 21298 | Orc:2    | Received a gift from Trog
 21320 | Orc:2    | Lost mutation: Your tail ends in a sharp venomous barb.
                  | [potion of mutation]
 21320 | Orc:2    | Lost mutation: You have hidden genetic potential. [potion
                  | of mutation]
 21320 | Orc:2    | Gained mutation: You sometimes lose your temper in combat.
                  | [potion of mutation]
 21320 | Orc:2    | Gained mutation: You are strong-willed. (Will+) [potion of
                  | mutation]
 21321 | Orc:2    | Lost mutation: You occasionally shout uncontrollably at
                  | your foes. [potion of mutation]
 21321 | Orc:2    | Lost mutation: You sometimes lose your temper in combat.
                  | [potion of mutation]
 21321 | Orc:2    | Lost mutation: You are strong-willed. (Will+) [potion of
                  | mutation]
 21321 | Orc:2    | Gained mutation: You are strong-willed. (Will+) [potion of
                  | mutation]
 21321 | Orc:2    | Gained mutation: You are frail. (-10% HP) [potion of
                  | mutation]
 21321 | Orc:2    | Gained mutation: Your body sometimes deteriorates upon
                  | taking damage. [potion of mutation]
 21321 | Orc:2    | Gained mutation: Your muscles are strong. (Str +4, Int/Dex
                  | -1) [potion of mutation]
 21632 | Orc:2    | Found Xogh's Magic Scroll Boutique.
 21632 | Orc:2    | Found Fafer's Weapon Boutique.
 21636 | Orc:2    | Found Resyron's Jewellery Shop.
 21636 | Orc:2    | Found Joffaecya's Antique Weapon Shop.
 21645 | Orc:2    | Bought a scroll of blinking for 97 gold pieces
 21645 | Orc:2    | Bought a scroll of identify for 26 gold pieces
 21645 | Orc:2    | Bought a scroll of identify for 26 gold pieces
 21645 | Orc:2    | Bought a scroll of identify for 26 gold pieces
 21645 | Orc:2    | Bought a scroll of identify for 26 gold pieces
 21650 | Orc:2    | Bought an amulet of regeneration for 330 gold pieces
 21650 | Orc:2    | Bought a granite talisman for 660 gold pieces
 21711 | Orc:2    | Found Zuxibyl's Weapon Shoppe.
 21712 | Orc:2    | Found a staircase to the Elven Halls.
 22054 | D:12     | Noticed Urug
 22073 | D:12     | Killed Urug
 22162 | D:12     | Reached skill level 1 in Shapeshifting
 22839 | D:12     | Reached XP level 15. HP: 101/118 MP: 5/15
 23163 | D:13     | Found a gate to the Vaults.
 24008 | D:14     | Received a gift from Trog
 24180 | D:14     | Lost mutation: You expend magic power (3 MP) to strengthen
                  | your wands. [potion of mutation]
 24180 | D:14     | Lost mutation: You are strong-willed. (Will+) [potion of
                  | mutation]
 24180 | D:14     | Gained mutation: You have a pair of small horns on your
                  | head. [potion of mutation]
 24180 | D:14     | Gained mutation: Your spells are a little harder to cast,
                  | but a little more powerful. [potion of mutation]
 24568 | D:15     | Entered Level 15 of the Dungeon
 24794 | D:15     | Reached skill level 5 in Shapeshifting
 24956 | D:15     | Reached skill level 21 in Polearms
 25047 | D:15     | Found a staircase to the Depths.
 25200 | D:15     | Found a white marble altar of Elyvilon.
 25201 | D:15     | Found a glowing golden altar of the Shining One.
 25202 | D:15     | Found a glowing silver altar of Zin.
 25388 | Elf:1    | Entered Level 1 of the Elven Halls
 25422 | Elf:1    | Identified the ring "Faic" {Wiz rN+ rCorr Stlth+}
 25454 | Elf:1    | Found Tuetaaj's Assorted Antiques.
 25455 | Elf:1    | Found Wauh's Armour Shoppe.
 25455 | Elf:1    | Found Zuxkupoihe's Antique Weapon Emporium.
 25464 | Elf:1    | Found Otaqodel's Armour Shoppe.
 25481 | Elf:1    | Bought a +0 pair of boots for 81 gold pieces
 25491 | Elf:1    | Bought a +2 pair of gloves of stealth for 258 gold pieces
 25714 | Elf:1    | Noticed a deep elf sorcerer
 25722 | Elf:1    | Killed a deep elf sorcerer
 25738 | Elf:1    | Identified the +10 bardiche of Elitism {flame, Will+} (Trog
                  | gifted it to you on level 1 of the Elven Halls)
 25738 | Elf:1    | Received a gift from Trog
 25964 | Elf:1    | Paralysed by an air elemental for 1 turns
 26349 | Elf:1    | Noticed a deep elf master archer
 26354 | Elf:1    | Killed a deep elf master archer
 26355 | Elf:1    | Reached XP level 16. HP: 95/125 MP: 5/16
 26894 | Elf:1    | Reached skill level 22 in Polearms
 27074 | Elf:2    | Noticed a Brimstone Fiend
 27460 | Elf:1    | Received a gift from Trog
 27888 | Elf:2    | Found Roqach Duri's Self-Published Books.
 28051 | Elf:2    | Found a huge runed translucent gate.
 28056 | Elf:2    | Found a huge runed translucent gate.
 28074 | Elf:2    | Found a huge runed translucent gate.
 28074 | Elf:2    | Found a huge runed translucent gate.
 28075 | Elf:2    | Found a huge runed translucent gate.
 28382 | Elf:2    | Paralysed by an air elemental for 1 turns
 28386 | Elf:2    | Paralysed by an air elemental for 1 turns
 28388 | Elf:2    | Paralysed by an air elemental for 1 turns
 28579 | Elf:3    | Entered Level 3 of the Elven Halls
 28628 | Elf:3    | Received a gift from Trog
 29479 | Elf:3    | Reached skill level 23 in Polearms
 29649 | Elf:3    | Noticed a deep elf blademaster
 29663 | Elf:3    | Killed a deep elf blademaster
 29669 | Elf:3    | Identified the +9 short sword of the Gnat {freeze, Str+3}
 29669 | Elf:3    | Identified the ring "Fiunu" {Fly Dex+3}
 29811 | Elf:3    | Identified the +8 scimitar of Ashenzari's Whim {flame,
                  | rElec rPois}
 29888 | Elf:3    | Noticed an Ice Fiend
 29943 | Elf:3    | Identified the amulet of Nemousm {Acrobat rElec rC+ Str+3
                  | Int-2}
 29996 | Elf:3    | Identified the +5 scimitar of Oruwem {heavy, rPois}
 30149 | Elf:3    | Identified the staff "Giantbane" {^Contam rN+ Conj Summ
                  | Necro Air}
 30156 | Elf:3    | Received a gift from Trog
 30177 | Elf:3    | Noticed a Tzitzimitl
 30177 | Elf:3    | Identified the ring of Nyqef {rC++ Str+6}
 30201 | Elf:3    | Reached XP level 17. HP: 100/131 MP: 5/17
 30279 | Elf:3    | Noticed a deep elf master archer
 30288 | Elf:3    | Killed a deep elf master archer
 30503 | Elf:3    | Noticed a Tzitzimitl
 30756 | Elf:3    | Noticed a deep elf blademaster
 30770 | Elf:3    | HP: 5/125 [deep elf blademaster/+0 quick blade (16)]
 30797 | Elf:3    | Killed a deep elf blademaster
 31109 | Elf:3    | Identified a scroll of acquirement
 31138 | Elf:3    | Acquired a manual of Shapeshifting
 31261 | Elf:3    | Got Gydis's Monograph on Chemistry
 31372 | Elf:3    | Found the +5 demon whip "Spellbinder" {antimagic, disrupt,
                  | Will+}
 32088 | Swamp:1  | Entered Level 1 of the Swamp
 32114 | Lair:2   | Reached skill level 10 in Shapeshifting
 32331 | Swamp:1  | Reached skill level 24 in Polearms
 32340 | Swamp:1  | Found a runed translucent gate.
 32341 | Swamp:1  | Found a runed translucent gate.
 32341 | Swamp:1  | Found a runed translucent gate.
 32355 | Swamp:1  | Noticed Tang's ghost (adept DjAl)
 32355 | Swamp:1  | Noticed Livid's ghost (adept DjIE)
 32727 | Swamp:2  | Noticed Louise
 32741 | Swamp:2  | Killed Louise
 32747 | Swamp:2  | Noticed Roxanne
 32764 | Swamp:2  | Killed Roxanne
 32884 | Swamp:2  | Noticed Nikola
 32938 | Swamp:2  | Killed Nikola
 33302 | Swamp:3  | Identified the +3 scimitar of Exchange {pain, Stlth+}
 33539 | Swamp:3  | Received a gift from Trog
 33865 | Swamp:4  | Entered Level 4 of the Swamp
 33892 | Swamp:4  | Reached skill level 15 in Shapeshifting
 34406 | Swamp:4  | Reached XP level 18. HP: 138/138 MP: 18/18
 34416 | Swamp:4  | Got a decaying rune of Zot
 34984 | Snake:1  | Entered Level 1 of the Snake Pit
 34984 | Snake:1  | Noticed Agnes
 34986 | Snake:1  | Killed Agnes
 35129 | Snake:1  | Identified the +12 glaive of Plague {flame, SInv} (Trog
                  | gifted it to you on level 1 of the Snake Pit)
 35129 | Snake:1  | Received a gift from Trog
 35639 | Snake:1  | Identified the serpent talisman of the Maze {rC- Will+
                  | Dex+6}
 35639 | Snake:1  | Noticed Aizul
 35649 | Snake:1  | Killed Aizul
 36195 | Snake:2  | Reached skill level 1 in Stealth
 36269 | Snake:2  | Found Fuowilin's Assorted Antiques.
 36890 | Snake:3  | Found a flickering gateway to a bazaar.
 36896 | Bazaar   | Entered a bazaar
 36896 | Bazaar   | Found Qecoliphyi's Jewellery Boutique.
 36896 | Bazaar   | Found Kutip's Distillery.
 36896 | Bazaar   | Found Ynetutiv's Assorted Antiques.
 36896 | Bazaar   | Found Uvoskol's Armour Boutique.
 36913 | Bazaar   | Bought a potion of heal wounds for 45 gold pieces
 36913 | Bazaar   | Bought a potion of haste for 90 gold pieces
 36913 | Bazaar   | Bought 2 potions of mutation for 144 gold pieces
 36916 | Bazaar   | Bought a scroll of enchant weapon for 210 gold pieces
 36916 | Bazaar   | Bought a potion of haste for 280 gold pieces
 36919 | Bazaar   | Lost mutation: You have a pair of small horns on your head.
                  | [potion of mutation]
 36919 | Bazaar   | Lost mutation: Your muscles are strong. (Str +4, Int/Dex
                  | -1) [potion of mutation]
 36919 | Bazaar   | Lost mutation: You are frail. (-10% HP) [potion of
                  | mutation]
 36919 | Bazaar   | Lost mutation: Your spells are a little harder to cast, but
                  | a little more powerful. [potion of mutation]
 36920 | Bazaar   | Lost mutation: Your body sometimes deteriorates upon taking
                  | damage. [potion of mutation]
 36920 | Bazaar   | Gained mutation: You have a somewhat thin skeletal
                  | structure. (Dex +2, Stealth+) [potion of mutation]
 36920 | Bazaar   | Gained mutation: Your flesh is heat resistant. (rF+)
                  | [potion of mutation]
 36920 | Bazaar   | Gained mutation: You have an increased reservoir of magic.
                  | (+10% MP) [potion of mutation]
 37057 | Snake:3  | Identified the +0 flail of Integrity {flame, rCorr Str+2
                  | Dex-5}
 37149 | Snake:3  | Received a gift from Trog
 37515 | Snake:3  | Reached skill level 5 in Stealth
 37515 | Snake:3  | Found a shimmering blue altar of Sif Muna.
 38301 | Snake:4  | Entered Level 4 of the Snake Pit
 38719 | Snake:4  | Reached XP level 19. HP: 163/163 MP: 20/20
 39325 | Snake:4  | Identified the +8 glaive of the Beginning {flame, rN+
                  | Str+2} (Trog gifted it to you on level 4 of the Snake Pit)
 39325 | Snake:4  | Received a gift from Trog
 39538 | Snake:4  | Got a serpentine rune of Zot
 39894 | Vaults:1 | Entered Level 1 of the Vaults
 40403 | Vaults:1 | Received a gift from Trog
 40490 | Vaults:1 | Got Sif Muna's Monograph on Mortification and Bombardment
 40538 | Vaults:1 | Found Ureh's Antique Armour Shop.
 40547 | Vaults:1 | Bought a pair of glowing boots for 285 gold pieces
 40547 | Vaults:1 | Bought a pair of glowing boots for 285 gold pieces
 40884 | Vaults:2 | Reached skill level 15 in Fighting
 41252 | Vaults:2 | Received a gift from Trog
 41502 | Snake:2  | Bought a scroll of enchant weapon for 165 gold pieces
 41897 | Vaults:2 | Reached XP level 20. HP: 107/178 MP: 22/22
 42098 | Vaults:2 | Noticed Margery
 42124 | Vaults:2 | Killed Margery
 42149 | Vaults:2 | Noticed Bai Suzhen
 42163 | Vaults:2 | Killed Bai Suzhen
 42354 | Vaults:2 | Found a staircase to the Crypt.
 42371 | Vaults:2 | Received a gift from Trog
 42378 | Vaults:2 | Reached skill level 15 in Dodging
 42428 | Vaults:2 | Acquired a manual of Polearms
 42588 | Vaults:2 | Noticed Boris
 42596 | Vaults:2 | Killed Boris
 42919 | Vaults:2 | Noticed Norris
 42944 | Vaults:2 | Killed Norris
 43440 | Vaults:2 | Received a gift from Trog
 43998 | Vaults:3 | Identified the orb of Fanaticism {light, ^Contam Str+3
                  | Dex+7}
 43998 | Vaults:3 | Noticed Frederick
 44004 | Vaults:3 | Found a portal to a secret trove of treasure.
 44810 | Vaults:3 | Received a gift from Trog
 44810 | Vaults:3 | Found the +8 trishula "Condemnation" {holy, anguish, *Noise
                  | Fly rN+}
 44884 | Vaults:3 | Reached XP level 21. HP: 165/188 MP: 23/23
 45167 | Vaults:3 | Killed Frederick
 45517 | Vaults:4 | Received a gift from Trog
 47015 | Depths:1 | Entered Level 1 of the Depths
 47015 | Depths:1 | Found a one-way gateway to a ziggurat.
 47109 | Depths:1 | Found an opulent altar of Gozag.
 47203 | Depths:1 | Found a gateway to Hell.
 47657 | Swamp:1  | Killed Livid's ghost
 47657 | Swamp:1  | Received a gift from Trog
 47667 | Swamp:1  | Killed Tang's ghost
 48031 | Vaults:3 | You paid a toll of +4 fire dragon scales to enter a
                  | treasure trove
 48032 | Trove    | Entered a treasure trove
 48037 | Trove    | Found the dreamshard necklace {Acrobat *Dream}
 48040 | Trove    | Identified the amulet of Bodily Harmony {Reflect *Slow rN+
                  | SH+5 SInv}
 48058 | Trove    | Identified the +0 buckler of Duas Nifu {Dex+2}
 48059 | Trove    | Identified the amulet of Azxeunor {Acrobat rF++}
 48372 | Depths:1 | Noticed a caustic shrike
 48380 | Depths:1 | Killed a caustic shrike
 49410 | Depths:2 | Found a one-way gate leading to the halls of Pandemonium.
 49530 | Depths:2 | Found Jaigeeni's Vocational Training.
 49538 | Depths:2 | Bought a manual of Evocations for 880 gold pieces
 49656 | Depths:2 | Reached XP level 22. HP: 195/195 MP: 24/24
 49708 | Depths:2 | Noticed a golden dragon
 49709 | Depths:2 | Received a gift from Trog
 49717 | Depths:2 | Killed a golden dragon
 49993 | Depths:2 | Noticed Vv
 50017 | Depths:2 | Killed from afar by Vv

Illustrated notes

Levels and vault maps discovered:
D:1:      ncdulo_smallfort, layout_basic, lemuel_flame_loot_1
D:2:      layout_basic
D:3:      lemuel_castle_with_subvaults [lemuel_castle_interior_carwin_2],
          layout_loops_ring, hellmonk_ecumenical_altar_defaced_shrine
D:4:      layout_basic, chequers_serial_rivers_room_a, uniq_sigmund, uniq_robin
D:5:      layout_loops_cross, minmay_temple_entry_waves
D:6:      layout_basic
D:7:      layout_rooms, gammafunk_temple_overflow_statue
D:8:      layout_cave_pods, minmay_misc_feat_ornament, uniq_erica
D:9:      layout_loops_corners, enter_bailey_7, grunt_ogre_cave
D:10:     layout_stronghold, minmay_lair_entry_grove, roadster_trireme,
          uniq_gastronok
D:11:     statuecave_lemuel, layout_loops_corners, orc_0_dummy,
          gauntlet_entry_generic
D:12:     layout_long_grid, uniq_urug
D:13:     layout_basic, david_vaults_2, drop_trap
D:14:     layout_loops_ring, serial_library_hellmonk_junction
D:15:     grunt_enter_depths_magical_seal, layout_basic, good_gods_temple_1
Lair:1:   layout_regular_city
Lair:2:   layout_gridlike, swamp_mist_pool, alex1729_snake_entry_snake,
          uniq_prince_ribbit2
Lair:3:   layout_misc_corridors, nzn_masters_of_martial_movement,
          lemuel_fruit_tree, uniq_amaemon
Lair:4:   layout_small_grid, serial_bayou_pond_d, cheibrodos_lair_reptile_den,
          uniq_kirke
Lair:5:   minmay_lair_end_enchanted_forest, layout_cave_shapes,
          minmay_slime_entry_pillars, patterned_corridor, grunt_megastairs_2
Swamp:1:  layout_falls_marsh, gammafunk_ghost_cemetery,
          evilmike_swamp_ruin_rubble_1
Swamp:2:  layout_basic_swamp, nicolae_swamp_stair_fork, uniq_roxanne,
          uniq_nikola, uniq_louise
Swamp:3:  layout_basic_swamp, evilmike_swamp_ruin_house_6,
          infiniplex_staircase_pool_2
Swamp:4:  swamp_icy, layout_basic_swamp, nicolae_swamp_decorative_isthmus
Snake:1:  layout_honeycomb, grunt_megastairs_3, uniq_aizul, uniq_agnes
Snake:2:  layout_misc_corridors, minmay_shop_star
Snake:3:  layout_cave_town, serial_shops, bzr_entry_safe, basic_altar,
          grunt_megastairs_5
Snake:4:  hellmonk_snake_rune_quicksilver_temple, layout_rooms,
          serial_library_hellmonk_long_bookcase
Orc:1:    layout_caves, basic_altar, nicolae_shop_firing_range
Orc:2:    st_orc_mages, layout_caves, serial_shops, nicolae_shop_tiny_glass,
          nicolae_orc_lava_room
Elf:1:    eino_elf_arrival_shootout, layout_onion_city, minivault_28,
          nicolae_elf_archery_training, minmay_shoptagon
Elf:2:    elven_hall_of_blades_hangedman_alternative
          [nicolae_blade_entry_diamond_columns], layout_loops_cross,
          nicolae_custom_books, dreamdust_mushroom_princess, drop_trap,
          glass_columns_c, nicolae_elf_loose_elemental_storage
Elf:3:    grunt_elf_hall_branching, layout_geoelf_castle, serial_library,
          serial_library_regret_index_boxing,
          serial_library_hellmonk_small_alcove,
          serial_library_hellmonk_junction,
          serial_library_hellmonk_reading_circle,
          serial_library_hellmonk_recessed_alcove,
          serial_library_hellmonk_long_bookcase,
          serial_library_regret_index_split_case,
          serial_library_hellmonk_junction,
          serial_library_hellmonk_small_corner,
          serial_library_regret_index_boxing
Vaults:1: hangedman_vaults_impose, ontoclasm_vaults_bender,
          nicolae_vaults_rhombus_6, nicolae_vaults_border_crossing, v_pattern_5,
          nicolae_vaults_ring_of_whatevers,
          nicolae_vaults_doubleplus_tesselated, st_quartered_hall,
          nicolae_vaults_tetromino_L_2, nicolae_vaults_surprise_closet,
          ontoclasm_vaults_shuriken, grunt_vaults_focal,
          nicolae_vaults_turnstiles, nicolae_vaults_heart-shaped_vault,
          nicolae_vaults_storage_room_statues, layout_vaults_omnibox,
          serial_shops, shop
Vaults:2: ontoclasm_vaults_pinch, nicolae_vaults_trapezoid_4,
          nicolae_vaults_halls_meeting, ontoclasm_vaults_spin,
          vaults_mumra_minichess, minmay_crypt_entry_simple_plaza, v_misc_10,
          nicolae_vaults_trapezoid_lopsided_1, vaults_room_octagon,
          nicolae_vaults_tetromino_Z_1, nicolae_vaults_closet_pinwheel_1,
          layout_vaults_maze, uniq_boris, uniq_norris, uniq_bai_suzhen,
          uniq_margery
Vaults:3: v_pattern_4, vaults_room_pool, ontoclasm_vaults_tryst,
          ontoclasm_vaults_hangar, nicolae_vaults_little_squares_3, v_misc_32,
          nicolae_vaults_cochlea, nicolae_vaults_tangram_1, vaults_room_fours,
          layout_vaults_chaotic_city, nicolae_trove_entry_columns,
          uniq_frederick
Vaults:4: nicolae_vaults_big_angled_halls, nicolae_vaults_storage_room_water,
          vaults_dpeg_ring, nicolae_vaults_more_shelving_1,
          layout_vaults_omnigrid
Depths:1: layout_gridlike, enter_ziggurat_f, hangedman_coc_ice_floe,
          nicolae_gozag_cash_rules_everything_around_me, grunt_megastairs_4,
          kennysheep_random_hallway
Depths:2: minmay_blocking_statues, layout_cave_pools, pan_entry,
          hangedman_abyss_entry_splay, hell_entry,
          nicolae_kikubaaqudgha_miasma_corner, nicolae_shop_vocational,
          serial_bayou_shore_b, minmay_staircase_statues_hall_small, uniq_vv

Skill      XL: |  1  2  3  4  5  6  7  8  9 10 11 12 13 14 15 16 17 18 19 20 21 |
---------------+----------------------------------------------------------------+-----
Polearms       | 4 6 7 8 9 12 14 16 19 20 21 23 24 | 24.0
Fighting       | 10 12 13 15 16 | 16.0
Dodging        | 6 12 14 16 19 | 19.4
Evocations     | 6 7 |  7.0
Shapeshifting  | 2 6 9 16 18 19 20 | 20.7
Stealth        | 6 8 |  8.0

Action                     |  1- 3 |  4- 6 |  7- 9 | 10-12 | 13-15 | 16-18 | 19-21 | 22-24 || total
---------------------------+-------+-------+-------+-------+-------+-------+-------+-------++-------
  Melee: Spear             |    72 |   169 |   322 |   227 |       |       |       |       ||   790
         Tailslap          |     6 |    12 |    50 |    92 |   215 |   134 |   192 |    14 ||   715
         Punch             |     1 |       |     3 |       |       |       |       |       ||     4
         Glaive            |       |       |       |   487 |  1358 |   326 |       |       ||  2171
         Trident           |       |       |       |       |     9 |     5 |       |       ||    14
         Headbutt          |       |       |       |       |    49 |   164 |       |       ||   213
         Bardiche          |       |       |       |       |       |   823 |  1173 |    81 ||  2077
         Maw               |       |       |       |       |       |   134 |   370 |    38 ||   542
 Invoke: Berserk           |       |     2 |       |     4 |     6 |     5 |     4 |     1 ||    22
         Brothers in Arms  |       |       |       |     2 |       |     3 |     1 |       ||     6
         Trog's Hand       |       |       |       |     1 |     1 |     2 |       |     1 ||     5
Ability: Breathe Noxious F |       |       |    14 |    21 |    25 |    17 |     1 |       ||    78
  Evoke: Phial of floods   |       |       |       |     1 |       |       |       |       ||     1
         Wand              |       |       |       |       |       |     1 |       |       ||     1
    Use: Scroll            |       |     3 |     2 |     8 |    18 |    13 |     9 |       ||    53
         Potion            |       |       |       |     4 |     5 |     8 |     1 |       ||    18
   Stab: Distracted        |     1 |     1 |     1 |       |     2 |     4 |     9 |       ||    18
         Sleeping          |       |     3 |     2 |       |     2 |    17 |    71 |       ||    95
         Confused          |       |       |     5 |    25 |    24 |    15 |     2 |       ||    71
         Petrified         |       |       |       |       |     6 |       |       |       ||     6
         Petrifying        |       |       |       |       |     2 |       |       |       ||     2
 Armour: Skin              |    15 |    69 |    80 |   319 |   578 |   479 |   319 |    41 ||  1900
  Dodge: Dodged            |    28 |    68 |    67 |   267 |   786 |   678 |   805 |    51 ||  2750
  Block: Buckler           |       |       |    13 |    14 |       |       |       |       ||    27
   Form: Maw               |       |       |       |       |       |     1 |     2 |       ||     3
         Statue            |       |       |       |       |       |     1 |     1 |       ||     2

Table legend: (Time is in decaauts)
 A = Elapsed time spent in this place.
 B = Non-inter-level travel time spent in this place.
 C = Inter-level travel time spent in this place.
 D = Time resting spent in this place.
 E = Time spent auto-exploring this place.
 F = Levels seen in this place.
 G = Mean time per level.
                   A        B        C        D        E       F      G
               +--------+--------+--------+--------+--------+-----+--------+
         Total |  48943 |  44308 |   4635 |   7964 |  25825 |  43 | 1138.2 |
       Dungeon |  15669 |  13820 |   1849 |   1636 |   9734 |  15 | 1044.6 |
          Lair |   7606 |   6920 |    686 |   1859 |   3605 |   5 | 1521.2 |
         Swamp |   2869 |   2680 |    189 |    436 |   1387 |   4 |  717.2 |
     Snake Pit |   4851 |   4447 |    404 |    547 |   2986 |   4 | 1212.8 |
  Orcish Mines |   2189 |   2052 |    137 |    935 |    713 |   2 | 1094.5 |
   Elven Halls |   6450 |   5890 |    560 |   1772 |   1924 |   3 | 2150.0 |
        Vaults |   6613 |   5889 |    724 |    467 |   4118 |   4 | 1653.2 |
        Depths |   1917 |   1834 |     83 |    189 |   1196 |   2 |  958.5 |
        Bazaar |     31 |     31 |      0 |      0 |      0 |   1 |   31.0 |
         Trove |     51 |     51 |      0 |      0 |      0 |   1 |   51.0 |
        Bailey |    327 |    327 |      0 |      3 |     16 |   1 |  327.0 |
      Gauntlet |    367 |    367 |      0 |    117 |    145 |   1 |  367.0 |
               +--------+--------+--------+--------+--------+-----+--------+

Top non-repeatable levels by time:
   Elf:3: 3101 daAuts
   Elf:1: 2216 daAuts
Vaults:3: 1965 daAuts
Vaults:2: 1819 daAuts
    D:11: 1814 daAuts
  Lair:2: 1788 daAuts
 Snake:3: 1726 daAuts
  Lair:5: 1707 daAuts
  Lair:4: 1700 daAuts
    D:10: 1698 daAuts
Vaults:1: 1426 daAuts
Vaults:4: 1401 daAuts
  Lair:1: 1396 daAuts
     D:2: 1322 daAuts
     D:3: 1311 daAuts
